 Dungeon Crawl Stone Soup version 0.28-a0-655-g4eb62b627b (webtiles) character file.

Game seed: 2527930250432958752

65 Irenicus the Digger (level 3, -4/28 HPs)
             Began as a Deep Dwarf Earth Elementalist on Oct 12, 2021.
             Slain by Terence (7 damage)
             ... on level 2 of the Dungeon.
             The game lasted 00:07:28 (1044 turns).

Irenicus the Digger (Deep Dwarf Earth Elementalist) Turns: 1044, Time: 00:07:29

Health: -4/28      AC:  3    Str: 11    XL:     3   Next: 94%
Magic:  5/5        EV: 11    Int: 16    God:
Gold:   28         SH:  0    Dex: 13    Spells: 2/5 levels left

rFire   . . .      SeeInvis .   a - +0 dagger
rCold   . . .      Faith    .   (no shield)
rNeg    . . .      Spirit   .   g - +0 leather armour
rPois   .          Reflect  .   (no helmet)
rElec   .          Harm     .   (no cloak)
rCorr   .          Rampage  .   (no gloves)
Will    .....                   (no boots)
Stlth   ++........              (no amulet)
HPRegen 0.00/turn               (no ring)
MPRegen 0.09/turn               (no ring)

@: hasted, very quick
A: damage resistance, heal wounds, sense surroundings 1, no regeneration
a: Heal Wounds


You were on level 2 of the Dungeon.
You visited 1 branch of the dungeon, and saw 2 of its levels.

You collected 28 gold pieces.


Innate Abilities, Weirdness & Mutations

You are resistant to damage.
You can heal yourself by infusing magical energy.
You passively map a small area around you.
You do not regenerate.


   Skills:
 - Level 2.1 Dodging
 - Level 2.4 Stealth
 + Level 1.7 Spellcasting
 - Level 0.8 Transmutations
 + Level 6.5 Earth Magic


You had 2 spell levels left.
You knew the following spells:

 Your Spells              Type           Power      Damage    Failure   Level
w - Passwall              Tmut/Erth      10%        N/A       10%         2
z - Sandblast             Erth           44%        2d11      1%          1

Your spell library contained the following spells:

 Spells                   Type           Power      Damage    Failure   Level
 Beastly Appendage        Tmut           8%         N/A       21%         1
 Wereblood                Tmut           4%         N/A       30%         2
 Stone Arrow              Conj/Erth      22%        3d8       22%         3
 Petrify                  Tmut/Erth      13%        N/A       52%         4
 Spider Form              Tmut/Pois      1%         N/A       56%         3

Inventory:

Hand Weapons
 a - a +0 dagger (weapon)
Armour
 g - a +0 leather armour (worn)

Dungeon Overview and Level Annotations

Branches:
Dungeon (2/15)

Altars:

Annotations:
D:2 Robin, Terence

###############
#.@...@.......#
#.##########.##
#@# #.# #S# #.#
#.#
######.#####
*#..
,........@...@
*...
#######.#####
.... #.# *....
#.# ▒▒ #....#
#.# ▒.. #.# ▒..


You could see Terence and an adder.


Message History

Terence hits you from afar with a +0 trident!
* * * LOW HITPOINT WARNING * * *
You completely miss the adder.
The adder is moderately wounded.
The adder barely misses you.
You barely miss the adder.
The adder is moderately wounded.
Terence closely misses you. The adder bites you.
You hit the adder.
The adder is severely wounded.
You hit the adder but do no damage.
The adder is severely wounded.
The adder misses you. Terence closely misses you.
You miss the adder.
The adder is severely wounded.
The adder closely misses you. Terence closely misses you.
You closely miss the adder.
The adder is severely wounded.
The adder closely misses you.
You barely miss the adder.
The adder is severely wounded.
Terence hits you from afar with a +0 trident!
* * * LOW HITPOINT WARNING * * *
The adder closely misses you.
Use which ability? (? or * to list)
You fail to use your ability.
The adder bites you.
* * * LOW HITPOINT WARNING * * *
Terence hits you from afar with a +0 trident!
You die...

Skill      XL: |  1  2  3 |
---------------+----------+-----
Earth Magic    | 5 6 |  6.5
Dodging        | |  2.1
Stealth        | |  2.4
Spellcasting   | |  1.7
Transmutations | |  0.8

Action                   || total
-------------------------++-------
Melee: Dagger            ||    51
 Cast: Sandblast         ||    32
       Passwall          ||     3
 Abil: Heal Wounds       ||     1
  Use: Potion            ||     4
       Scroll            ||     3
Armor: Leather armour    ||    19
Dodge: Dodged            ||    65

Levels and vault maps discovered:
D:1:      roderic_chinese_lattice_arrival, layout_loops_corners
D:2:      layout_basic, serial_shops, nicolae_shop_behind_doors,
          grunt_ministairs_14, kennysheep_generic_room_7, uniq_robin,
          uniq_terence

Notes
Turn   | Place    | Note
-------+----------+-------------------------------------------
     0 | D:1      | Irenicus the Deep Dwarf Earth Elementalist began the quest
                  | for the Orb.
     0 | D:1      | Reached XP level 1. HP: 15/15 MP: 3/3
    94 | D:1      | Reached XP level 2. HP: 22/22 MP: 0/4
   135 | D:1      | Reached skill level 5 in Earth Magic
   628 | D:2      | Learned a level 2 spell: Passwall
   738 | D:2      | Reached XP level 3. HP: 21/28 MP: 0/5
   744 | D:2      | Reached skill level 6 in Earth Magic
   808 | D:2      | Noticed Robin
   846 | D:2      | Noticed Terence
   853 | D:2      | Noticed a scorpion
  1044 | D:2      | Slain by Terence

Vanquished Creatures
  2 gnolls (D:2)
  An adder (D:2)
  2 dart slugs (D:1)
  An endoplasm (D:1)
  A giant cockroach (D:1)
  6 goblins
  6 hobgoblins (D:1)
  2 quokkas (D:1)
  2 ball pythons (D:2)
  3 bats
  A frilled lizard (D:1)
  3 kobolds
  A rat (D:1)
31 creatures vanquished.

Vanquished Creatures (others)
  A rat (D:1)
1 creature vanquished.

Grand Total: 32 creatures vanquished

Table legend: (Time is in decaauts)
 A = Elapsed time spent in this place.
 B = Non-inter-level travel time spent in this place.
 C = Inter-level travel time spent in this place.
 D = Time resting spent in this place.
 E = Time spent auto-exploring this place.
 F = Levels seen in this place.
 G = Mean time per level.
                   A        B        C        D        E       F      G
               +--------+--------+--------+--------+--------+-----+--------+
         Total |   1041 |   1004 |     37 |      0 |      0 |   2 |  520.5 |
       Dungeon |   1041 |   1004 |     37 |      0 |      0 |   2 |  520.5 |
               +--------+--------+--------+--------+--------+-----+--------+

Top non-repeatable levels by time:
     D:1: 694 daAuts
     D:2: 347 daAuts

Table legend:
 A = Non-vault XP
 B = Vault XP
 C = Vault XP percentage of total XP
 D = Non-vault monster count
 E = Vault monster count
 F = Vault count percentage of total count
                 A         B        C        D         E       F
            +---------+---------+-------+---------+---------+-------
      Total |      85 |       9 |   9.6 |      26 |       5 |  16.1
            +---------+---------+-------+---------+---------+-------
        D:1 |      36 |       2 |   5.3 |      17 |       1 |   5.6
        D:2 |      49 |       7 |  12.5 |       9 |       4 |  30.8
            +---------+---------+-------+---------+---------+-------
